 Dungeon Crawl Stone Soup version 0.28-a0-932-g843f935a50 (webtiles) character file.

Game seed: 9557833295982658645

40 Crownlay the Insei (level 3, -6/23 HPs)
             Began as an Octopode Transmuter on Nov 27, 2021.
             Mangled by Sigmund (8 damage)
             ... on level 2 of the Dungeon.
             The game lasted 00:02:46 (1731 turns).

Crownlay the Insei (Octopode Transmuter)            Turns: 1731, Time: 00:02:47

Health: -6/23      AC:  1    Str:  9    XL:     3   Next: 50%
Magic:  4/6        EV: 13    Int: 16    God:
Gold:   48         SH:  0    Dex: 12    Spells: 2/6 levels left

rFire   . . .      SeeInvis .     - Unarmed
rCold   . . .      Faith    .   (no shield)
rNeg    . . .      Spirit   .   (helmet restricted)
rPois   .          Reflect  .   (no amulet)
rElec   .          Harm     .   (no ring)
rCorr   .          Rampage  .   (no ring)
Will    .....                   (no ring)
Stlth   ++........              (no ring)
HPRegen 0.07/turn               (no ring)
MPRegen 0.10/turn               (no ring)
                                (no ring)
                                (no ring)

@: confused
A: almost no armour, amphibious, 8 rings, camouflage 1, gelatinous body 1,
(nimble swimmer 1), tentacles
a: no special abilities


You were on level 2 of the Dungeon.
You visited 1 branch of the dungeon, and saw 2 of its levels.

You collected 48 gold pieces.

Inventory:

Scrolls
 b - 2 scrolls of identify {unknown}
Potions
 a - a potion of invisibility {unknown}


   Skills:
 - Level 1.0 Fighting
 - Level 2.0 Dodging
 * Level 3.0 Stealth
 - Level 3.0 Unarmed Combat
 + Level 2.4 Spellcasting
 + Level 2.5 Transmutations


You had 2 spell levels left.
You knew the following spells:

 Your Spells              Type           Power      Damage    Failure   Level
a - Beastly Appendage     Tmut           18%        N/A       7%          1
b - Spider Form           Tmut/Pois      5%         N/A       34%         3

Your spell library contained the following spells:

 Spells                   Type           Power      Damage    Failure   Level
 Wereblood                Tmut           9%         N/A       11%         2
 Ignite Poison            Fire/Tmut/Pois 4%         N/A       38%         3
 Mephitic Cloud           Conj/Pois/Air  1%         N/A       52%         3
 Ice Form                 Ice/Tmut       5%         N/A       75%         4
 Freezing Cloud           Conj/Ice/Air   0%         6-21      99%         5


Dungeon Overview and Level Annotations

Branches:
Dungeon (2/15)

Altars:

Annotations:
D:2 Sigmund


Innate Abilities, Weirdness & Mutations

You cannot wear most types of armour.
You are amphibious.
You can wear up to eight rings at the same time.
Your skin changes colour to match your surroundings (Stealth+).
Your rubbery body absorbs attacks. (AC +1, EV +1)
((You are camouflaged near water. (Stealth+)))
You have tentacles for arms and can constrict up to eight enemies at once.


Message History

Sigmund gestures at you while chanting.
You are confused.
You're too confused to cast spells.
You bump into the rock wall.
You bump into the rock wall.
You bump into the rock wall.
You feel less confused.
Casting: Beastly Appendage (safe; 7% risk of failure)
Confirm with . or Enter, or press ? or * to list all spells.
The spell is extremely dangerous to cast (34% risk of failure)!
Continue anyway?
You turn into a venomous arachnid creature.
Your transformation is almost over.
Sigmund gestures at you while chanting. You resist with significant effort.
Sigmund hits you with a +2 scythe of pain!
Ouch! That really hurt!
You writhe in agony.
You completely miss Sigmund. You hit Sigmund.
Sigmund is poisoned.
Sigmund is lightly wounded.
Sigmund closely misses you.
You closely miss Sigmund.
Sigmund is lightly wounded.
You completely miss Sigmund.
Sigmund is lightly wounded.
Sigmund mumbles some strange words.
Sigmund flickers and vanishes!
Deactivating autopickup; reactivate with Ctrl-A.
You closely miss something.
You hear some strange, mumbled words.
You are confused.
You bump into the rock wall.
You hear some strange, mumbled words.
A puff of flame appears from out of thin air!
The puff of flame hits you.
You're too confused to move!
Something hits you.
* * * LOW HITPOINT WARNING * * *
Your transformation has ended.
Something hits you!
You die...

#.#.#....###........
#.#.#....##..##..###
#.#.#....##.###.##
#...#....... #.#
##..#####..## .# #>.#
...###.####. #..#
##...........
####..######...........
#.......@.{.†.........)
#.'########'......?....
#.#........#..........#
#.#.+####+.#..........#
#.#.# #.#........(..
#.#.# #.#.[.........
#.#.# #.#†..........
#.#.# #.#..##..##...
#.#.+ +.#...........


There were no monsters in sight!

Vanquished Creatures
  An adder (D:2)
  2 dart slugs (D:1)
  4 ball pythons
  2 endoplasms (D:2)
  A giant cockroach (D:1)
  5 goblins (D:1)
  4 hobgoblins
  A quokka (D:1)
  A bat (D:1)
  A frilled lizard (D:1)
  A kobold (D:1)
  2 rats (D:2)
25 creatures vanquished.

Vanquished Creatures (others)
  4 toadstools (D:1)
4 creatures vanquished.

Grand Total: 29 creatures vanquished

Notes
Turn   | Place    | Note
-------+----------+-------------------------------------------
     0 | D:1      | Crownlay the Octopode Transmuter began the quest for the
                  | Orb.
     0 | D:1      | Reached XP level 1. HP: 13/13 MP: 3/3
    20 | D:1      | Found a faded altar of an unknown god.
   356 | D:1      | Reached skill level 1 in Stealth
   614 | D:1      | Reached XP level 2. HP: 18/18 MP: 3/5
  1142 | D:1      | Reached XP level 3. HP: 23/23 MP: 4/6
  1146 | D:1      | Learned a level 3 spell: Spider Form
  1514 | D:2      | Noticed an ogre
  1709 | D:2      | Noticed Sigmund
  1731 | D:2      | Mangled by Sigmund

Illustrated notes

Levels and vault maps discovered:
D:1:      ldierk_water_garden, layout_basic, basic_ecumenical_altar
D:2:      layout_rooms, minivault_11, st_stairs_8, uniq_sigmund

Skill      XL: |  1  2  3 |
---------------+----------+-----
Stealth        | 1 2 3 |  3.0
Fighting       | |  1.0
Dodging        | |  2.0
Unarmed Combat | |  3.0
Spellcasting   | |  2.4
Transmutations | |  2.5

Action                   || total
-------------------------++-------
Melee: Unarmed           ||    60
       Constrict         ||    14
       Kick              ||    11
       Tentacles         ||    11
       Punch             ||     1
 Cast: Beastly Appendage ||    17
       Spider Form       ||     1
 Stab: Sleeping          ||     5
Armor: Skin              ||     3
Dodge: Dodged            ||    25

Table legend: (Time is in decaauts)
 A = Elapsed time spent in this place.
 B = Non-inter-level travel time spent in this place.
 C = Inter-level travel time spent in this place.
 D = Time resting spent in this place.
 E = Time spent auto-exploring this place.
 F = Levels seen in this place.
 G = Mean time per level.
                   A        B        C        D        E       F      G
               +--------+--------+--------+--------+--------+-----+--------+
         Total |   1729 |   1632 |     97 |      0 |   1415 |   2 |  864.5 |
       Dungeon |   1729 |   1632 |     97 |      0 |   1415 |   2 |  864.5 |
               +--------+--------+--------+--------+--------+-----+--------+

Top non-repeatable levels by time:
     D:1: 1439 daAuts
     D:2: 289 daAuts
